 Dungeon Crawl Stone Soup version 0.28-a0-909-g796cbd3a86 (webtiles) character file.

Game seed: 5952367084092506259

2923 vineage the Fighter (level 9, -2/68 HPs)
             Began as a Gargoyle Fighter on Nov 24, 2021.
             Was a Believer of Okawaru.
             Slain by an orc warrior (7 damage)
             ... on level 6 of the Dungeon.
             The game lasted 00:08:46 (8144 turns).

vineage the Fighter (Gargoyle Fighter)              Turns: 8144, Time: 00:08:48

Health: -2/68      AC: 15    Str: 20    XL:     9   Next: 79%
Magic:  9/9        EV:  8    Int:  9    God:    Okawaru [**....]
Gold:   398        SH:  9    Dex: 12    Spells: 8/8 levels left

rFire   . . .      SeeInvis .   f - +1 whip (flame)
rCold   + . .      Faith    .   m - +0 kite shield
rNeg    + . .      Spirit   .   n - +2 ring mail {rC+}
rPois   ∞          Reflect  .   (no helmet)
rElec   +          Harm     .   (no cloak)
rCorr   .          Rampage  .   (no gloves)
Will    .....                   o - +0 pair of boots
Stlth   +.........              (no amulet)
HPRegen 0.21/turn               (no ring)
MPRegen 0.11/turn               (no ring)

@: no status effects
A: sickness immunity, AC +6, negative energy resistance 1, electricity
resistance, torment resistance 1, petrification resistance
a: Renounce Religion, Heroism


You were on level 6 of the Dungeon.
You worshipped Okawaru.
Okawaru was pleased with you.
You visited 1 branch of the dungeon, and saw 6 of its levels.
You also visited: Sewer.

You collected 398 gold pieces.

Inventory:

Hand Weapons
 a - a +1 flail of venom
 f - a +1 whip of flaming (weapon)
Armour
 m - a +0 kite shield (worn)
 n - a +2 ring mail of cold resistance (worn)
 o - a +0 pair of boots (worn)
Wands
 d - a wand of charming (9)
Scrolls
 b - a scroll of identify
 c - a scroll of fog
 g - 2 scrolls of teleportation
 l - a scroll of enchant weapon
Potions
 e - a potion of flight {unknown}
 h - a potion of invisibility
 i - a potion of brilliance {unknown}
 j - 3 potions of cancellation
 k - 3 potions of curing {unknown}


   Skills:
 + Level 13.2 Fighting
 + Level 3.9 Maces & Flails
 + Level 5.0 Armour
 + Level 5.0 Shields


You had 8 spell levels left.
You didn't know any spells.
Your spell library contained the following spells:

 Spells                   Type           Power      Damage    Failure   Level
 Beastly Appendage        Tmut           0%         N/A       94%         1
 Magic Dart               Conj           0%         1d3       94%         1
 Searing Ray              Conj           0%         2d4       98%         2
 Wereblood                Tmut           0%         N/A       98%         2
 Dazzling Flash           Conj/Hex       0%         N/A       100%        3
 Spider Form              Tmut/Pois      0%         N/A       100%        3
 Fulminant Prism          Conj/Hex       0%         3d6       100%        4
 Iskenderun's Mystic Bla  Conj/Tloc      0%         2d3       100%        4
 Starburst                Conj/Fire      0%         6d3       100%        6


Dungeon Overview and Level Annotations

Branches:
Dungeon (6/15)              Sewer (visited)
 Temple: D:4-7

Altars:
Ashenzari
Dithmenos
Kikubaaqudgha
Makhleb
Okawaru
Qazlal
Vehumet
Xom

Shops:
D:3 *


Innate Abilities, Weirdness & Mutations

You are immune to sickness and miasma.
Your stone body is resilient. (AC +6)
You are immune to poison.
You resist negative energy. (rN+)
You are resistant to electric shocks. (rElec)
You are resistant to unholy torment.
You are immune to petrification.


Message History

You are too injured to fight recklessly!
You are too injured to fight recklessly!
You are too injured to fight recklessly!
You are too injured to fight recklessly!
You are too injured to fight recklessly!
You are too injured to fight recklessly!
You are too injured to fight recklessly!
You are too injured to fight recklessly!
You are too injured to fight recklessly!
You are too injured to fight recklessly!
You hit the orc warrior. You burn the orc warrior.
The orc warrior is heavily wounded.
The orc warrior closely misses you.
You closely miss the orc warrior.
The orc warrior is heavily wounded.
The orc warrior barely misses you.
You hit the orc warrior but do no damage.
The orc warrior is heavily wounded.
The orc warrior hits you with a +1 vorpal halberd!
* * * LOW HITPOINT WARNING * * *
x2 You closely miss the orc warrior.
The orc warrior is heavily wounded.
The orc warrior hits you but does no damage.
You hit the orc warrior but do no damage.
The orc warrior is heavily wounded.
The orc warrior barely misses you.
You hit the orc warrior. You burn the orc warrior.
The orc warrior is severely wounded.
You block the orc warrior's attack.
You barely miss the orc warrior.
The orc warrior is heavily wounded.
The orc warrior closely misses you.
You hit the orc warrior. You burn the orc warrior.
The orc warrior is almost dead.
The orc warrior hits you with a +1 vorpal halberd!
* * * LOW HITPOINT WARNING * * *
x2 You hit the orc warrior.
You burn the orc warrior.
The orc warrior is almost dead.
The orc warrior hits you with a +1 vorpal halberd!
You die...

#.####. ... #...... ...
#...... #.# #..oo.. #.#
#...... #.# #..)... #.#
#$....)###.############
#>....oo@.........
#.###.############ #.
#.######### #.
#.........# #.
#########.# #. #.#####
#.
##########.#...#######
#.
#..........#.........#
#.############.#####.#


You could see an orc warrior and an orc.

Vanquished Creatures
  Pikel (D:6)
  A cyclops (D:6)
  A water moccasin (Sewer)
  An orc warrior (D:6)
  2 black bears
  An ice beast (D:4)
  2 ogres
  A sky beast (D:6)
  2 centaurs (D:5)
  A necrophage (D:6)
  2 phantoms
  A gnoll sergeant (D:5)
  3 scorpions
  A wyvern zombie (D:6)
  A water moccasin zombie (D:5)
  A howler monkey (D:5)
  2 centaur zombies
  A hound (D:5)
  A jelly (D:5)
  4 iguanas
  Natasha (thrice) (D:3)
  An orc wizard (D:4)
  A killer bee zombie (D:6)
  A hound skeleton (D:4)
  8 adders
  5 gnolls
  A shadow imp (D:5)
  An adder skeleton (D:4)
  4 worms
  4 dart slugs
  15 orcs
  7 ball pythons
  3 bats
  5 endoplasms
  3 goblins
  7 hobgoblins
  5 jackals
  5 quokkas
  4 frilled lizards
  5 kobolds
  4 rats
122 creatures vanquished.

Notes
Turn   | Place    | Note
-------+----------+-------------------------------------------
     0 | D:1      | vineage the Gargoyle Fighter began the quest for the Orb.
     0 | D:1      | Reached XP level 1. HP: 14/14 MP: 1/1
   342 | D:1      | Reached XP level 2. HP: 20/20 MP: 2/2
   606 | D:1      | Reached skill level 4 in Fighting
  1081 | D:2      | Reached XP level 3. HP: 22/24 MP: 3/3
  1151 | D:2      | Found a faded altar of an unknown god.
  1191 | D:2      | Reached skill level 5 in Fighting
  1744 | D:3      | Reached XP level 4. HP: 30/31 MP: 4/4
  1768 | D:3      | Found a glowing drain.
  1772 | Sewer    | Entered a sewer
  1895 | Sewer    | Noticed a water moccasin
  1919 | Sewer    | Killed a water moccasin
  1920 | Sewer    | Reached skill level 6 in Fighting
  1920 | Sewer    | Reached XP level 5. HP: 3/37 MP: 5/5
  2389 | D:3      | Found a burning altar of Makhleb.
  2617 | D:3      | Noticed Natasha
  2626 | D:3      | Killed Natasha
  2627 | D:3      | Reached skill level 7 in Fighting
  2795 | D:3      | Found Cifuex's General Store.
  2920 | D:3      | Noticed Natasha
  2930 | D:3      | Killed Natasha
  2931 | D:3      | Reached XP level 6. HP: 29/44 MP: 6/6
  2969 | D:3      | Noticed Natasha
  2977 | D:3      | Killed Natasha
  3198 | D:4      | Noticed an ice beast
  3239 | D:4      | Killed an ice beast
  3240 | D:4      | Reached skill level 8 in Fighting
  3605 | D:4      | Noticed a black bear
  3617 | D:4      | Killed a black bear
  3618 | D:4      | Reached XP level 7. HP: 30/50 MP: 7/7
  3900 | D:4      | Reached skill level 9 in Fighting
  4691 | D:5      | Entered Level 5 of the Dungeon
  5297 | D:5      | Reached skill level 10 in Fighting
  5297 | D:5      | Reached XP level 8. HP: 42/57 MP: 8/8
  5609 | D:5      | Found a radiant altar of Vehumet.
  5609 | D:5      | Found a stormy altar of Qazlal.
  5614 | D:5      | Found an ancient bone altar of Kikubaaqudgha.
  5617 | D:5      | Found a shimmering altar of Xom.
  5619 | D:5      | Found an iron altar of Okawaru.
  5624 | D:5      | Found a broken altar of Ashenzari.
  5627 | D:5      | Became a worshipper of Warmaster Okawaru
  6014 | D:5      | Reached skill level 11 in Fighting
  6449 | D:5      | Reached * piety under Okawaru
  6978 | D:5      | Found a shadowy altar of Dithmenos.
  7078 | D:6      | Reached skill level 12 in Fighting
  7112 | D:6      | Noticed a cyclops
  7311 | D:6      | Reached XP level 9. HP: 54/66 MP: 9/9
  7557 | D:6      | Noticed Pikel
  7567 | D:6      | Killed a cyclops
  7579 | D:6      | Killed Pikel
  7579 | D:6      | Reached ** piety under Okawaru
  7580 | D:6      | Reached skill level 13 in Fighting
  8029 | D:6      | Reached skill level 5 in Armour
  8029 | D:6      | Reached skill level 5 in Shields
  8144 | D:6      | Slain by an orc warrior

Illustrated notes

Levels and vault maps discovered:
D:1:      dpeg_arrival_three_bigger_balls, layout_basic
D:2:      layout_rooms, shapermc_ecumenical_altar_starsandcircs
D:3:      layout_loops_ring, bloody_makhleb, gup_sewer_entry_bowl, serial_shops,
          shop_fountains, amcnicky_mini_corridor_feature, uniq_natasha
D:4:      layout_basic, minmay_fountain_box, st_stairs_12
D:5:      layout_basic, nicolae_dithmenos_through_a_glass_darkly,
          nicolae_overflow_hallway_of_the_gods
D:6:      layout_basic, uniq_edmund, uniq_pikel

Skill      XL: |  1  2  3  4  5  6  7  8  9 |
---------------+----------------------------+-----
Fighting       | 4 5 6 7 8 10 12 13 | 13.2
Armour         | 5 |  5.0
Shields        | 5 |  5.0
Maces & Flails | 3 |  3.9

Action                   |  1- 3 |  4- 6 |  7- 9 || total
-------------------------+-------+-------+-------++-------
Melee: Flail             |   134 |   166 |   310 ||   610
       Whip              |       |       |    55 ||    55
Invok: Heroism           |       |       |     1 ||     1
  Use: Scroll            |     5 |     1 |     6 ||    12
       Potion            |       |     3 |     4 ||     7
 Stab: Invisible         |       |       |     1 ||     1
Armor: Scale mail        |    70 |    98 |   206 ||   374
       Ring mail         |       |       |    33 ||    33
Dodge: Dodged            |    70 |   100 |   171 ||   341
Block: Buckler           |    31 |    48 |    73 ||   152
       Kite shield       |       |       |    56 ||    56

Table legend: (Time is in decaauts)
 A = Elapsed time spent in this place.
 B = Non-inter-level travel time spent in this place.
 C = Inter-level travel time spent in this place.
 D = Time resting spent in this place.
 E = Time spent auto-exploring this place.
 F = Levels seen in this place.
 G = Mean time per level.
                   A        B        C        D        E       F      G
               +--------+--------+--------+--------+--------+-----+--------+
         Total |   8383 |   8193 |    190 |   1177 |   5542 |   7 | 1197.6 |
       Dungeon |   7886 |   7696 |    190 |   1177 |   5125 |   6 | 1314.3 |
         Sewer |    497 |    497 |      0 |      0 |    416 |   1 |  497.0 |
               +--------+--------+--------+--------+--------+-----+--------+

Top non-repeatable levels by time:
     D:4: 2270 daAuts
     D:5: 1823 daAuts
     D:6: 1126 daAuts
     D:2: 987 daAuts
     D:3: 903 daAuts
     D:1: 775 daAuts
   Sewer: 497 daAuts
